 Dungeon Crawl Stone Soup version 0.32-a0-666-ge8a88695a4 (webtiles) character file.

Game seed: 4418837652258137797

382 ezpacito the Trooper (level 6, 0/48 HPs)
             Began as a Coglin Chaos Knight on Mar 9, 2024.
             Was a Plaything of Xom.
             Slain by a lemure (6 damage)
             ... led by Pikel
             ... on level 4 of the Dungeon.
             The game lasted 00:03:41 (2583 turns).

ezpacito the Trooper (Coglin Chaos Knight)          Turns: 2583, Time: 00:03:42

Health: 0/48       AC:  4    Str: 20    XL:     6   Next: 76%
Magic:  7/7        EV: 12    Int: 16    God:    Xom [....*.]
Gold:   197        SH:  0    Dex: 12    Spells: 7/7 levels left

rFire   . . .        a - +0 hand axe (chaos) {Sinnashi}
rCold   . . .        k - +2 whip (drain) {Huemac}
rNeg    . . .        l - +1 leather armour "Nackoxi" {Will+ Str+7 Slay+2 Stlth-}
rPois   .            (helmet restricted)
rElec   .            (no cloak)
rCorr   .            (no gloves)
SInv    .            (no boots)
Will    +....        (amulet unavailable) Stlth
                     (ring unavailable)
HPRegen 0.28/turn    (ring unavailable)
MPRegen 0.10/turn    (no gizmo)

%: no passive effects
@: revving
A: off-hand wielding, slow wielding, warmup strikes, no jewellery, horns 1,
clever 1, mutation resistance 1
a: Invent Gizmo, Renounce Religion


You were on level 4 of the Dungeon.
You worshipped Xom.
You were a beloved toy of Xom.
You visited 1 branch of the dungeon, and saw 4 of its levels.

You collected 197 gold pieces.

Inventory:

Hand Weapons
 a - a +0 hand axe of chaos (weapon) {Sinnashi}
 k - a +2 whip of draining (offhand) {Huemac}
Missiles
 e - 3 poisoned darts
 h - 5 javelins (quivered)
Armour
 f - a +0 chain mail
 g - a +1 hat
 j - a +0 helmet of intelligence
 l - the +1 leather armour "Nackoxi" (worn) {Will+ Str+7 Slay+2 Stlth-}
   (You took it off a kobold on level 4 of the Dungeon)

   Str+7:     It affects your strength (+7).
   Slay+2:    It affects your accuracy & damage with ranged weapons and melee
   (+2).
   Will+:     It increases your willpower.
   Stlth-:    It makes you less stealthy.
Wands
 c - a wand of polymorph (5)
 m - a wand of flame (22)
Scrolls
 i - 4 scrolls of identify
 n - a scroll of noise
Potions
 b - a potion of mutation
 d - 3 potions of brilliance
 o - a potion of degeneration {unknown}


   Skills:
 * Level 4.0 Fighting
 * Level 4.0(4.2) Axes
 + Level 1.6(2.9) Polearms
 * Level 3.1 Armour
 * Level 2.4 Dodging
 + Level 1.1 Stealth
 + Level 1.2 Spellcasting
 + Level 1.8 Evocations


You had 7 spell levels left.
You didn't know any spells.
Your spell library was empty.

Dungeon Overview and Level Annotations

Branches:
Dungeon (4/15)
 Temple: D:4-7

Altars:
Trog
Yredelemnul
Zin

Annotations:
D:4 Pikel


Innate Abilities, Weirdness & Mutations

You can wield a second weapon in your off-hand.
It takes a long time for you to wield or remove held weapons.
Your first few attacks do less damage.
You cannot equip rings or amulets.
You have a pair of small horns on your head.
Your mind is acute. (Int +4, Str/Dex -1)
You are somewhat resistant to further mutation.


Message History

You take 5 damage, and have 43/48 hp.
The goblin shouts!
You whack the lemure with your +2 whip of draining!
The lemure is moderately wounded.
You hit the lemure but do no damage. The lemure hits you!
You take 7 damage, and have 36/48 hp.
You barely miss the lemure with your +2 whip of draining.
The lemure is moderately wounded.
You hit the lemure with your +0 hand axe of chaos.
The lemure convulses.
You hit Pikel with your +0 hand axe of chaos.
Pikel seems to speed up.
Xom is highly amused!
You barely miss the giant cockroach with your +0 hand axe of chaos.
Pikel hits you with a +1 whip of freezing!
Pikel freezes you.
The giant cockroach bites you but does no damage.
The lemure closely misses you.
Pikel hits you with a +1 whip of freezing.
Pikel freezes you. The giant cockroach bites you.
You are too injured to fight recklessly!
You take 17 damage, and have 19/48 hp.
MASSIVE DAMAGE!!
You are too injured to fight recklessly!
Okay, then.
Okay, then.
It was a potion of mutation.
You feel extremely strange.
You feel clever. A pair of horns grows on your head!
Your +0 helmet of intelligence falls away!
You feel stupid.
You feel genetically stable.
Xom roars with laughter!
Pikel hits you with a +1 whip of freezing.
* * * LOW HITPOINT WARNING * * *
Pikel freezes you.
* * * LOW HITPOINT WARNING * * *
The lemure hits you!
* * * LOW HITPOINT WARNING * * *
The lemure hits you.
You die...
Xom roars with laughter!

*,** *,,,,,,,,,,,,....#*#.#..#
**** *,.........#*#....##....##
**,** *,.........##*#...####....
*,,,** *,..........###....##..##.
***,,***,....................####
**,,*,,......?............##
*,,,,,............#......### #
**,,,,.....55B5.....#......###
*,*,,.....5K@.....#...###....
****,,................## ##...
**,**,,................####....
*,,**,,....g..........###......
***,,,,,,.........#......)..###..
*,,,,,,,,...####....#.####.## #..
**,,,,,,,...** #...##.#* #.# #..
**,,,,,,..,,**#..####.* #.# #..
**,,,,,,,,,,*#..## *.# ### **,,


You could see Pikel (fast), 4 lemures, a giant cockroach and a goblin.

Vanquished Creatures
  An orc priest (D:3)
  A bombardier beetle (D:2)
  Ijyb (D:2)
  Robin (D:2)
  4 adders
  A ribbon worm (D:2)
  9 orcs (D:3)
  4 ball pythons
  7 endoplasms
  3 giant cockroaches
  20 goblins
  9 hobgoblins
  12 kobolds
  5 quokkas
  3 bats
  2 frilled lizards
  4 rats
87 creatures vanquished.

Vanquished Creatures (collateral kills)
  Edmund (D:4)
  An iguana (D:4)
  A goblin (D:4)
  A hobgoblin (D:4)
4 creatures vanquished.

Grand Total: 91 creatures vanquished

Notes
Turn   | Place    | Note
-------+----------+-------------------------------------------
     0 | D:1      | ezpacito the Coglin Chaos Knight began the quest for the
                  | Orb.
     0 | D:1      | Reached XP level 1. HP: 18/18 MP: 1/1
    50 | D:1      | Reached skill level 1 in Dodging
   109 | D:1      | Reached XP level 2. HP: 20/24 MP: 2/2
   110 | D:1      | XOM: divination: magic mapping
   137 | D:1      | XOM: silly message
   221 | D:1      | XOM: silly message
   557 | D:2      | Reached XP level 3. HP: 24/29 MP: 3/3
   610 | D:2      | Noticed Robin
   614 | D:2      | XOM: potion effect (curing)
   632 | D:2      | Killed Robin
   633 | D:2      | Reached XP level 4. HP: 14/35 MP: 4/4
   804 | D:2      | Noticed Ijyb
   810 | D:2      | Reached skill level 1 in Polearms
   849 | D:2      | Killed Ijyb
   911 | D:2      | Reached XP level 5. HP: 41/41 MP: 6/6
  1190 | D:3      | XOM: draining
  1266 | D:3      | Reached skill level 1 in Spellcasting
  1502 | D:3      | Reached skill level 1 in Evocations
  1518 | D:3      | XOM: summons 3 hostile demons
  1645 | D:3      | Found a basalt altar of Yredelemnul.
  1663 | D:3      | Found a bloodstained altar of Trog.
  1762 | D:3      | XOM: stat loss: -1 Str (13/14)
  1847 | D:4      | Noticed Edmund
  1856 | D:4      | Killed Edmund
  1857 | D:4      | Reached skill level 1 in Stealth
  1857 | D:4      | Reached XP level 6. HP: 21/48 MP: 7/7
  2154 | D:4      | Identified the +1 leather armour "Nackoxi" {Will+ Str+7
                  | Slay+2 Stlth-}
  2156 | D:4      | XOM: noise
  2167 | D:4      | XOM: summons friendly shadow imp
  2477 | D:4      | XOM: 1-stop teleportation journey
  2549 | D:4      | Found a glowing silver altar of Zin.
  2578 | D:4      | Noticed Pikel
  2583 | D:4      | Gained mutation: Your mind is acute. (Int +4, Str/Dex -1)
                  | [potion of mutation]
  2583 | D:4      | Gained mutation: You have a pair of small horns on your
                  | head. [potion of mutation]
  2583 | D:4      | Gained mutation: You are somewhat resistant to further
                  | mutation. [potion of mutation]
  2583 | D:4      | Slain by a lemure

Illustrated notes

Levels and vault maps discovered:
D:1:      minmay_arrival_shattered_statue, layout_basic, hex_medium
D:2:      kennysheep_the_goblin_king, layout_rooms, kennysheep_generic_room_8,
          uniq_robin
D:3:      layout_basic, mainiacjoe_overflow_boulevard, lemuel_doored_altar,
          hangedman_decor_peaks_small
D:4:      layout_layer_cave, mainiacjoe_overflow_alcove_4,
          mainiacjoe_overflow_brackets, zin_academy, serial_bayou,
          serial_bayou_pond_c, serial_bayou_ford_a, serial_bayou_lake_a,
          serial_bayou_lagoon_b, serial_library_hellmonk_h_bend, uniq_pikel,
          uniq_edmund

Skill      XL: |  1  2  3  4  5  6 |
---------------+-------------------+-----
Dodging        | 1 2 |  2.4
Armour         | 2 3 |  3.1
Polearms       | 1 |  1.6
Spellcasting   | 1 |  1.2
Evocations     | 1 |  1.8
Stealth        | 1 |  1.1
Fighting       | 4 |  4.0
Axes           | 4 |  4.0

Action                     |  1- 3 |  4- 6 || total
---------------------------+-------+-------++-------
  Melee: Hand axe          |    65 |    92 ||   157
         Dagger            |    61 |       ||    61
         Unarmed           |       |    29 ||    29
         Whip              |       |    92 ||    92
    Use: Potion            |       |     7 ||     7
         Scroll            |       |     5 ||     5
   Stab: Sleeping          |       |     2 ||     2
 Armour: Leather armour    |    42 |    74 ||   116
         Skin              |       |     9 ||     9
  Dodge: Dodged            |    56 |    70 ||   126

Table legend: (Time is in decaauts)
 A = Elapsed time spent in this place.
 B = Non-inter-level travel time spent in this place.
 C = Inter-level travel time spent in this place.
 D = Time resting spent in this place.
 E = Time spent auto-exploring this place.
 F = Levels seen in this place.
 G = Mean time per level.
                   A        B        C        D        E       F      G
               +--------+--------+--------+--------+--------+-----+--------+
         Total |   2619 |   2536 |     83 |      0 |   1994 |   4 |  654.8 |
       Dungeon |   2619 |   2536 |     83 |      0 |   1994 |   4 |  654.8 |
               +--------+--------+--------+--------+--------+-----+--------+

Top non-repeatable levels by time:
     D:4: 785 daAuts
     D:3: 660 daAuts
     D:2: 626 daAuts
     D:1: 547 daAuts
